 Dungeon Crawl Stone Soup version 0.13.0-25-g43d4df3 (webtiles) character file.

459 Leibowitz the Ducker (level 6, -9/39 HPs)
             Began as a Kobold Fighter on Oct 27, 2013.
             Mangled by an orc warrior
             ... wielding a -1,+1 orcish war axe
              (14 damage)
             ... on Level 4 of the Dungeon.
             The game lasted 00:14:39 (3664 turns).

Leibowitz the Ducker (Kobold Fighter)               Turns: 3664, Time: 00:14:40

HP  -9/39        AC  3     Str 17      XL: 6   Next: 65%
MP   5/5         EV 17     Int  9      God:
Gold 157         SH 12     Dex 16      Spells:  0 memorised,  5 levels left

Res.Fire  : . . .   See Invis. : .   k - +2 dagger (holy)
Res.Cold  : . . .   Warding    : .   l - +0 robe
Life Prot.: . . .   Conserve   : .   c - +0 buckler
Res.Poison: .       Res.Corr.  : .   (no helmet)
Res.Elec. : .       Clarity    : .   (no cloak)
Sust.Abil.: . .     Spirit.Shd : .   u - +0 pair of gauntlets (curse)
Res.Mut.  : .       Stasis     : .   (no boots)
Res.Rott. : .       Flight     : .   (no amulet)
Saprovore : + + .                    m - +1 ring of strength
                                     e - +3 ring of intelligence

@: slightly resistant to hostile enchantments, stealthy
A: disease resistance, carnivore 3, saprovore 2
a: no special abilities


You were on level 4 of the Dungeon.
You were completely stuffed.

You visited 1 branch of the dungeon, and saw 4 of its levels.

You collected 137 gold pieces.

Inventory:

Hand weapons
 a - a +0,+0 short sword
 k - a +2,+2 dagger of holy wrath (weapon)
Armour
 c - a +0 buckler (worn)
 l - a +0 robe (worn)
 u - a cursed +0 pair of gauntlets (worn)
Magical devices
 s - a wand of digging (9)
 v - a wand of lightning (0)
Comestibles
 d - a meat ration
 h - 2 rotting chunks of goblin flesh
Scrolls
 b - a scroll of remove curse
 g - 2 scrolls of teleportation {unknown}
 i - 3 scrolls of magic mapping {unknown}
 n - 2 scrolls of identify {unknown}
 o - a scroll of enchant armour {unknown}
 p - a scroll of random uselessness {unknown}
 q - a scroll of amnesia {unknown}
 w - a scroll of noise {unknown}
 x - a scroll of enchant weapon II {unknown}
Jewellery
 e - a +3 ring of intelligence (left hand)
 j - an uncursed ring of see invisible {unknown}
 m - a +1 ring of strength (right hand)
 t - a +2 ring of protection {unknown}


   Skills:
 * Level 4.1 Fighting
 + Level 3.3 Short Blades
 + Level 2.6 Armour
 * Level 4.7 Dodging
 * Level 2.7 Stealth
 * Level 3.3 Shields
 + Level 0.3 Evocations


You had 5 spell levels left.
You didn't know any spells.

Dungeon Overview and Level Annotations

Branches:
Dungeon (4/27)
 Temple: D:4-7

Altars:
Fedhas
Nemelex Xobeh
Vehumet
the Shining One


Innate Abilities, Weirdness & Mutations

You recuperate from illness quickly.
You are small and have problems with some larger weapons.
You are carnivorous and can eat meat at any time.
You can eat rotten meat.


Message History

You hit the orc warrior but do no damage.
The orc warrior is moderately wounded.
You hit the orc warrior but do no damage.
The orc warrior is moderately wounded.
The orc warrior completely misses you.
You hit the orc warrior.
The orc warrior is heavily wounded.
The orc warrior barely misses you.
You barely miss the orc warrior.
The orc warrior is heavily wounded.
You block the orc warrior's attack.
You hit the orc warrior but do no damage.
The orc warrior is heavily wounded.
You closely miss the orc warrior.
The orc warrior is heavily wounded.
You block the orc warrior's attack.
You hit the orc warrior but do no damage.
The orc warrior is heavily wounded.
The orc warrior hits you with an orcish war axe!
You die...

...........+
.).
...........#
#'#
########'###
#.# #.# #.#
####.# #z#
#....# #o#
####'#####
#.#
#........#
#o#
#........#
#@#
##........#
#.#
.'........#
#.#
.#........#
#.#
##........#
#.##
##........#
#..#
.#####'####
##.#
...##.<# #.#
#..##.##
#.###


You could see an orc warrior, an orc and a goblin skeleton.

Vanquished Creatures
  The ghost of dsn the Magician, an average DEWz (D:4)
  An orc wizard (D:4)
  A worker ant (D:4)
  3 gnolls
  5 adders
  A giant eyeball (D:4)
  An ooze (D:2)
  6 orcs
  A ball python (D:2)
  2 giant cockroaches (D:1)
  7 goblins
  5 hobgoblins
  12 kobolds
  4 bats
  3 giant geckos
  6 giant newts
  8 rats
67 creatures vanquished.

Vanquished Creatures (others)
  An orc (D:4)
1 creature vanquished.

Grand Total: 68 creatures vanquished

Notes
Turn   | Place    | Note
--------------------------------------------------------------
     0 | D:1      | Leibowitz, the Kobold Fighter, began the quest for the Orb.
     0 | D:1      | Reached XP level 1. HP: 14/14 MP: 0/0
   190 | D:1      | Reached skill level 1 in Stealth
   212 | D:1      | Reached XP level 2. HP: 19/19 MP: 1/1
   392 | D:1      | Reached skill level 1 in Dodging
   724 | D:1      | Reached XP level 3. HP: 24/24 MP: 2/2
  1228 | D:2      | Reached XP level 4. HP: 25/28 MP: 3/3
  1644 | D:2      | Found a glowing golden altar of the Shining One.
  2329 | D:3      | Reached XP level 5. HP: 28/33 MP: 4/4
  2714 | D:3      | Found a blossoming altar of Fedhas.
  3045 | D:4      | Paralysed by a giant eyeball for 3 turns
  3074 | D:4      | Noticed dsn's ghost (average DEWz)
  3085 | D:4      | Killed dsn's ghost
  3085 | D:4      | Reached skill level 4 in Fighting
  3085 | D:4      | Reached XP level 6. HP: 30/39 MP: 5/5
  3514 | D:4      | Found a sparkling altar of Nemelex Xobeh.
  3514 | D:4      | Found a radiant altar of Vehumet.
  3607 | D:4      | Noticed an orc warrior
  3664 | D:4      | Mangled by an orc warrior

Action                   |  1- 3 |  4- 6 || total
-------------------------+-------+-------++-------
Melee: Short sword       |    19 |       ||    19
       Dagger            |   107 |   216 ||   323
Throw: Dart              |     4 |       ||     4
Evoke: Wand              |       |     7 ||     7
  Use: Scroll            |     1 |       ||     1
       Potion            |     1 |     9 ||    10
 Stab: Sleeping          |     1 |     4 ||     5
